 Dungeon Crawl Stone Soup version 0.30-a0-824-g6c64550be9 (webtiles) character file.

Game seed: 16154514934606790256

35045 demibob the Warrior (level 14, -4/79 (98) HPs)
             Began as a Kobold Berserker on Feb 28, 2023.
             Was an Elder of Trog.
             Killed from afar by Josephine (20 damage)
             ... with a ghostly fireball
             ... on level 11 of the Dungeon.
             The game lasted 00:30:33 (23658 turns).

demibob the Warrior (Kobold Berserker)             Turns: 23658, Time: 00:30:34

HP:   -4/79 (98)    AC: 22    Str: 15    XL:     14   Next: 16%
MP:   14/14         EV: 16    Int: 11    God:    Trog [****..]
Gold: 966           SH:  5    Dex: 19    Spells: 13/13 levels left

rFire   + . .      SeeInvis +    a - +0 short sword (venom)
rCold   . . .      Faith    .    (no shield)
rNeg    . . .      Spirit   .    J - +5 chain mail "Zedaseca" {Int+3 SInv}
rPois   +          Reflect  +    n - +2 helmet {SInv}
rElec   .          Harm     .    d - +1 cloak
rCorr   .          Rampage  .    D - +1 pair of gloves
Will    +....                    (no boots) Stlth
                                 i - amulet of reflection
HPRegen 0.33/turn                F - ring of protection from fire
MPRegen 0.14/turn                P - ring of poison resistance

@: about to teleport, on berserk cooldown, slowed, heavily drained, very slow
A: small, no large weapons, nightstalker 3
a: Renounce Religion, Berserk, Trog's Hand, Brothers in Arms


You were on level 11 of the Dungeon.
You worshipped Trog.
Trog was greatly pleased with you.
You visited 2 branches of the dungeon, and saw 16 of its levels.
You also visited: Bailey.

You collected 1232 gold pieces.
You spent 266 gold pieces at shops.


Innate Abilities, Weirdness & Mutations

You are small and have problems with some larger weapons.
You are completely attuned to the shadows.


   Skills:
 + Level 15.3 Fighting
 - Level 10.0 Short Blades
 + Level 14.0 Ranged Weapons
 - Level 5.9 Armour
 + Level 14.5 Dodging


You had 13 spell levels left.
You didn't know any spells.
Your spell library was empty.

Inventory:

Hand Weapons
 a - a +0 short sword of venom (weapon)
 b - a +0 arbalest
 f - a +1 short sword of flaming
 t - a +1 short sword of speed
 L - a +1 dagger of distortion
Missiles
 h - 26 poisoned darts (quivered)
 y - 2 throwing nets {=f}
 M - 10 curare-tipped darts {=f}
Armour
 d - a +1 cloak (worn)
 n - a +2 helmet of see invisible (worn)
 D - a +1 pair of gloves (worn)
 J - the +5 chain mail "Zedaseca" (worn) {Int+3 SInv}
   (You bought it in a shop on level 8 of the Dungeon)

   Int:       It affects your intelligence (+3).
   SInv:      It lets you see invisible.
Jewellery
 i - an amulet of reflection (around neck)
 F - a ring of protection from fire (left hand)
 P - a ring of poison resistance (right hand)
Wands
 x - a wand of flame (60)
 E - a wand of polymorph (8)
 G - a wand of mindburst (21)
 H - a wand of charming (8)
 K - a wand of quicksilver (2)
Scrolls
 c - 2 scrolls of enchant armour
 e - a scroll of silence {!r}
 m - 8 scrolls of teleportation {@r2}
 q - 2 scrolls of immolation
 v - a scroll of brand weapon
 w - 4 scrolls of enchant weapon
 A - a scroll of vulnerability
 B - a scroll of identify {@r1}
 I - a scroll of fog
Potions
 g - 2 potions of cancellation
 j - 8 potions of degeneration
 k - 2 potions of magic
 l - 3 potions of haste {@q3}
 o - 3 potions of ambrosia
 p - 2 potions of brilliance
 s - 2 potions of might
 u - 2 potions of attraction
 z - 2 potions of resistance
 C - 3 potions of lignification
 O - 2 potions of mutation
Miscellaneous
 r - a box of beasts

Dungeon Overview and Level Annotations

Branches:
Dungeon (11/15)            Temple (0/1) D:6            Lair (5/5) D:9
  Swamp (0/4) Lair:2        Snake (0/4) Lair:2       Bailey (visited)
  Slime: Lair:4-5       Orc: D:9-12

Altars:
Cheibriados
Elyvilon
Gozag
Qazlal
Ru
Trog

Shops:
D:5 *(   D:6 (   D:7 (   D:8 [

Portals:
Trove: D:10 (give 6 scrolls of fear)

Annotations:
D:11 Josephine

###############
#.#............
####.#............
#....#..)))....##.
#......)..))...).)
#####....#..#)).)..)..
WWW@.@...#..#.........
######...#............
#...#############
#.............#
#.............#
#....)........#
#...###'#.....#
#...#...#.....#
#...#...#...[.#


You could see Josephine (extremely poisoned) and 2 wraiths.


Message History

You are too injured to fight recklessly!
You are too injured to fight recklessly!
You are too injured to fight recklessly!
You are too injured to fight recklessly!
You are too injured to fight recklessly!
You are too injured to fight recklessly!
You are too injured to fight recklessly!
You are too injured to fight recklessly!
You are too injured to fight recklessly!
You are too injured to fight recklessly!
You are too injured to fight recklessly!
You are too injured to fight recklessly!
You are too injured to fight recklessly!
You are too injured to fight recklessly!
You are too injured to fight recklessly!
You are too injured to fight recklessly!
You are too injured to fight recklessly!
You are too injured to fight recklessly!
You are too injured to fight recklessly!
You are too injured to fight recklessly!
Unknown command.
As you read the scroll of teleportation {@r2}, it crumbles to dust.
You feel strangely unstable. Josephine closely misses you.
Josephine hits you with a +0 dagger!
* * * LOW HITPOINT WARNING * * *
Okay, then.
Josephine gestures at you while chanting.
The ghostly flame explodes!
The ghostly fireball engulfs you!!
You feel drained.
You die...

Skill      XL: |  1  2  3  4  5  6  7  8  9 10 11 12 13 14 |
---------------+-------------------------------------------+-----
Short Blades   | 5 6 7 8 9 10 | 10.0
Dodging        | 4 7 9 11 12 14 | 14.5
Fighting       | 4 7 9 11 12 13 15 | 15.3
Ranged Weapons | 5 8 11 13 14 | 14.0
Armour         | 2 4 5 |  5.9

Action                     |  1- 3 |  4- 6 |  7- 9 | 10-12 | 13-15 || total
---------------------------+-------+-------+-------+-------+-------++-------
  Melee: Short sword       |    87 |   221 |   490 |  1443 |  1293 ||  3534
         Punch             |       |     1 |     3 |    23 |    31 ||    58
   Fire: Arbalest          |       |       |       |    30 |     5 ||    35
 Invoke: Berserk           |     2 |     5 |     9 |    20 |     7 ||    43
         Brothers in Arms  |       |       |       |     1 |     1 ||     2
         Trog's Hand       |       |       |       |       |     1 ||     1
  Evoke: Wand              |       |       |       |     5 |     1 ||     6
    Use: Potion            |       |     1 |     1 |     8 |     3 ||    13
         Scroll            |       |     9 |     6 |     8 |     8 ||    31
   Stab: Sleeping          |     6 |     7 |    12 |     4 |       ||    29
         Distracted        |       |       |     1 |     1 |       ||     2
         Invisible         |       |       |       |     4 |       ||     4
 Armour: Animal skin       |    19 |    27 |    36 |    27 |       ||   109
         Chain mail        |       |       |       |   315 |   291 ||   606
  Dodge: Dodged            |    57 |   123 |   228 |   644 |   516 ||  1568
  Block: Other             |       |     1 |    63 |   212 |   174 ||   450
         Reflection        |       |       |       |     7 |     3 ||    10

Levels and vault maps discovered:
D:1:      pf_arrival_petrified_forest, layout_basic
D:2:      layout_rooms, uniq_robin, uniq_natasha
D:3:      layout_basic, nicolae_ru_path_of_blood
D:4:      nicolae_cairo_tiling_very_big, layout_gridville, st_stairs_6,
          uniq_blork_the_orc, uniq_edmund
D:5:      layout_basic, cheibrodos_worm_habitat, mainiacjoe_overflow_boulevard,
          serial_shops, kennysheep_little_box, nicolae_elemental_shop,
          kennysheep_generic_room_15
D:6:      layout_cave_pools, minmay_temple_entry_junction_2, serial_gnoll_camp,
          gnoll_camp_mini_doghouse, grums_kennel, gnoll_camp_mini_house,
          gnoll_camp_mini_doghouse, gnoll_camp_mini_doghouse,
          grunt_ministairs_12, nicolae_shop_firing_range, uniq_prince_ribbit1
D:7:      layout_basic, serial_shops, shop, enter_bailey_4,
          kennysheep_generic_room_2
D:8:      layout_loops_ring, nicolae_overflow_two_pavilions,
          mainiacjoe_overflow_alcove_4, serial_shops, nicolae_stop_n_shop_2,
          serial_ice, serial_ice_m, serial_ice_n, serial_ice_e, serial_ice_o,
          serial_ice_j, serial_ice_b, uniq_maurice
D:9:      layout_cave_pools, grunt_lair_entry_orc_guard_hut,
          chequers_serial_rivers_marsh, kb_rosetta, uniq_grum
D:10:     layout_irregular_city, serial_column_ruins, column_ruins_grid_4,
          column_ruins_grid_1, column_ruins_open_small_water,
          column_ruins_open_tiny, nicolae_trove_entry_path_of_doom,
          nicolae_concentric_dashed_squares_mild,
          chequers_serial_rivers_large_b, hangedman_decor_push,
          corexii_leaking_fountain, kb_lookout_dungeons_type
D:11:     kennysheep_seaside_town, layout_irregular_city, erik_orc_1,
          uniq_josephine
Lair:1:   layout_cave_pods
Lair:2:   layout_cave_pods, swamp_mist_pool, minmay_snake_entry_guardpost_medium
Lair:3:   layout_gridlike, portal_ice_cave_entry_animals_and_master,
          minmay_lindwurm_lava, uniq_sonja
Lair:4:   layout_cave_pods, beast_lair_carwin_8
Lair:5:   minmay_lair_end_frog_pond, layout_regular_city, slime_entry_1,
          enter_volcano_1, nicolae_lair_lindhole, grunt_megastairs_1

Notes
Turn   | Place    | Note
-------+----------+-------------------------------------------
     0 | D:1      | demibob the Kobold Berserker began the quest for the Orb.
     0 | D:1      | Reached XP level 1. HP: 14/14 MP: 1/1
   222 | D:1      | Reached XP level 2. HP: 19/19 MP: 2/2
   332 | D:1      | Reached skill level 5 in Short Blades
   379 | D:1      | Reached XP level 3. HP: 17/23 MP: 3/3
   874 | D:2      | Reached skill level 6 in Short Blades
   946 | D:2      | Noticed Natasha
   958 | D:2      | Killed Natasha
   959 | D:2      | Reached XP level 4. HP: 28/28 MP: 4/4
  1022 | D:2      | Noticed Natasha
  1026 | D:2      | Killed Natasha
  1027 | D:2      | Reached skill level 7 in Short Blades
  1031 | D:2      | Reached XP level 5. HP: 32/32 MP: 5/5
  1182 | D:2      | Reached ** piety under Trog
  1216 | D:2      | Noticed Natasha
  1247 | D:2      | Killed Natasha
  1388 | D:2      | Noticed Robin
  1404 | D:2      | Killed Robin
  1405 | D:2      | Reached skill level 8 in Short Blades
  1561 | D:2      | Reached XP level 6. HP: 36/37 MP: 6/6
  2195 | D:3      | Found a sacrificial altar of Ru.
  2758 | D:4      | Noticed a black bear
  2765 | D:4      | Killed a black bear
  2766 | D:4      | Reached skill level 9 in Short Blades
  2886 | D:4      | Reached XP level 7. HP: 38/41 MP: 7/7
  3224 | D:4      | Noticed Edmund
  3235 | D:4      | Killed Edmund
  3236 | D:4      | Reached skill level 10 in Short Blades
  3236 | D:4      | Reached skill level 3 in Dodging
  3332 | D:4      | Noticed Blork the orc
  3357 | D:4      | Killed Blork the orc
  3358 | D:4      | Reached skill level 4 in Fighting
  3402 | D:4      | Reached skill level 4 in Dodging
  3402 | D:4      | Reached XP level 8. HP: 25/48 MP: 8/8
  4068 | D:5      | Entered Level 5 of the Dungeon
  4337 | D:5      | Found Zugod's Elemental Accessories.
  4398 | D:5      | Reached skill level 5 in Fighting
  4398 | D:5      | Reached skill level 5 in Dodging
  4504 | D:5      | Found a stormy altar of Qazlal.
  4701 | D:5      | Identified a +0 crystal plate armour
  4724 | D:5      | You fall into a shaft and drop 1 floor!
  4875 | D:5      | Reached skill level 6 in Fighting
  4875 | D:5      | Reached skill level 6 in Dodging
  4917 | D:5      | Reached *** piety under Trog
  5583 | D:5      | Found Hubbat's Weapon Emporium.
  5687 | D:5      | Reached skill level 7 in Fighting
  5687 | D:5      | Reached skill level 7 in Dodging
  5687 | D:5      | Reached XP level 9. HP: 57/57 MP: 9/9
  5847 | D:5      | Found a snail-covered altar of Cheibriados.
  5893 | D:6      | Noticed Prince Ribbit
  5907 | D:6      | Killed Prince Ribbit
  5912 | D:6      | Reached skill level 8 in Dodging
  5993 | D:6      | Reached skill level 8 in Fighting
  6232 | D:6      | Reached skill level 9 in Dodging
  6318 | D:6      | Found Roeg Mio's Firing Range.
  6392 | D:6      | Found a staircase to the Ecumenical Temple.
  6438 | D:6      | Reached **** piety under Trog
  6480 | D:6      | Reached skill level 9 in Fighting
  6585 | D:6      | Reached XP level 10. HP: 66/66 MP: 10/10
  6845 | D:6      | Reached skill level 10 in Dodging
  6869 | D:6      | Noticed Grum
  6872 | D:6      | Killed Grum
  6983 | D:6      | Identified a potion of resistance
  7135 | D:7      | Identified the +3 sling of Animal Spirits {flame, *Corrode
                  | rElec Int+8 Stlth-}
  7157 | D:7      | Found a flagged portal.
  7174 | Bailey   | Entered a bailey
  7282 | Bailey   | Reached skill level 10 in Fighting
  7638 | Bailey   | Noticed an orc knight
  7649 | Bailey   | Killed an orc knight
  7650 | Bailey   | Reached skill level 2 in Ranged Weapons
  7656 | Bailey   | Reached skill level 11 in Dodging
  7743 | Bailey   | Reached skill level 3 in Ranged Weapons
  8163 | D:7      | Reached skill level 4 in Ranged Weapons
  8334 | D:7      | Reached ***** piety under Trog
  8605 | D:7      | Found Jiocuopp's Weapon Shoppe.
  8983 | D:8      | Found Ruhiel's Antique Armour Shoppe.
  8986 | D:8      | Bought a masterwork chain mail for 266 gold pieces
  8986 | D:8      | Identified the +5 chain mail "Zedaseca" {Int+3 SInv} (You
                  | bought it in a shop on level 8 of the Dungeon)
  9078 | D:8      | Noticed Maurice
  9104 | D:8      | Killed Maurice
  9105 | D:8      | Reached skill level 11 in Fighting
  9105 | D:8      | Reached skill level 5 in Ranged Weapons
  9105 | D:8      | Reached skill level 2 in Armour
  9105 | D:8      | Reached XP level 11. HP: 74/74 MP: 11/11
  9752 | D:8      | Reached skill level 6 in Ranged Weapons
 10015 | D:8      | Reached skill level 3 in Armour
 10022 | D:8      | Found a white marble altar of Elyvilon.
 10022 | D:8      | Found an opulent altar of Gozag.
 10119 | D:8      | Received a gift from Trog
 10670 | D:8      | Found a bloodstained altar of Trog.
 11224 | D:9      | Noticed a two-headed ogre
 11231 | D:9      | Reached skill level 7 in Ranged Weapons
 11246 | D:9      | Killed a two-headed ogre
 11256 | D:9      | Reached skill level 4 in Armour
 11263 | D:9      | Noticed a cyclops
 11386 | D:9      | Reached skill level 12 in Fighting
 11662 | D:9      | Reached skill level 8 in Ranged Weapons
 11981 | D:9      | Identified the +1 leather armour of Valiance {Str+2}
 12004 | D:9      | Noticed a centaur warrior
 12036 | D:9      | Killed a centaur warrior
 12286 | D:9      | Killed a cyclops
 12287 | D:9      | Reached XP level 12. HP: 82/82 MP: 12/12
 12338 | D:9      | Found a staircase to the Lair.
 12362 | D:9      | Reached skill level 5 in Armour
 12467 | D:9      | Reached skill level 9 in Ranged Weapons
 12865 | Lair:1   | Entered Level 1 of the Lair of Beasts
 13345 | Lair:1   | HP: 6/82 [yak (6)]
 14269 | Lair:2   | Reached skill level 13 in Fighting
 14278 | Lair:2   | Reached skill level 10 in Ranged Weapons
 15084 | Lair:2   | Reached skill level 12 in Dodging
 15287 | Lair:2   | Reached skill level 11 in Ranged Weapons
 15596 | Lair:2   | Found a staircase to the Swamp.
 15668 | Lair:2   | Reached XP level 13. HP: 46/89 MP: 13/13
 16148 | Lair:2   | Found a staircase to the Snake Pit.
 16682 | D:10     | Entered Level 10 of the Dungeon
 17240 | D:10     | Found a portal to a secret trove of treasure.
 17422 | D:10     | Reached skill level 14 in Fighting
 18237 | Lair:3   | Reached skill level 12 in Ranged Weapons
 18483 | Lair:3   | Reached skill level 13 in Dodging
 19091 | Lair:3   | Noticed an ice dragon
 19671 | Lair:3   | Killed an ice dragon
 19940 | Lair:3   | Noticed Sonja
 19940 | Lair:3   | Noticed a four-headed hydra
 19941 | Lair:3   | Sonja changed into Sonja the water moccasin
 19941 | Lair:3   | Noticed Sonja
 20006 | Lair:3   | Reached skill level 13 in Ranged Weapons
 20319 | Lair:3   | Killed Sonja the water moccasin
 20972 | Lair:3   | Killed a four-headed hydra
 21847 | Lair:4   | Reached skill level 15 in Fighting
 21847 | Lair:4   | Reached skill level 14 in Dodging
 22506 | Lair:4   | Reached XP level 14. HP: 98/98 MP: 14/14
 23113 | Lair:5   | Entered Level 5 of the Lair of Beasts
 23283 | Lair:5   | Reached skill level 14 in Ranged Weapons
 23633 | D:11     | Noticed Josephine
 23658 | D:11     | Killed from afar by Josephine

Vanquished Creatures
  An ice dragon (Lair:3)
  A centaur warrior (D:9)
  A two-headed ogre (D:9)
  A hydra (Lair:3)
  A boulder beetle (Lair:5)
  An orc knight (Bailey)
  A cyclops (D:9)
  11 elephants
  Maurice (D:8)
  3 black mambas
  5 cane toads
  5 rime drakes
  A kobold demonologist (D:10)
  9 komodo dragons
  A tengu conjurer (D:9)
  A guardian mummy (D:10)
  6 polar bears
  A hornet (D:9)
  2 trolls
  Prince Ribbit (D:6)
  16 blink frogs
  A wyvern (D:9)
  2 wraiths
  32 yaks
  Grum (D:6)
  A vampire mosquito (Lair:5)
  2 basilisks
  3 nagas (Lair:2)
  A steam dragon (Lair:2)
  3 acid dragons
  Edmund (D:4)
  8 water moccasins
  2 ice beasts
  7 black bears
  16 orc warriors
  4 ogres
  3 centaurs
  9 wolves
  A phantom (D:6)
  2 kobold brigands
  Blork the orc (D:4)
  13 bullfrogs
  A necrophage (D:6)
  4 scorpions
  A hornet simulacrum (D:8)
  A wight (D:7)
  13 killer bees
  4 electric eels (D:8)
  A howler monkey (D:4)
  2 lava snakes (D:7)
  A wyvern simulacrum (D:8)
  15 hounds (D:6)
  2 jellies
  7 orc priests
  5 gnoll boudas
  Natasha (thrice) (D:2)
  5 iguanas
  12 orc wizards
  4 hell rats (Lair:3)
  A killer bee simulacrum (D:8)
  Robin (D:2)
  34 gnolls
  11 adders
  A shadow imp (D:7)
  9 white imps
  An ufetubus (D:6)
  2 worms
  3 dart slugs
  55 orcs
  4 endoplasms (D:3)
  2 giant cockroaches
  16 goblins
  12 hobgoblins
  13 jackals
  3 quokkas
  3 training dummies (D:6)
  8 ball pythons
  7 bats
  A frilled lizard (D:2)
  16 kobolds
  5 rats
472 creatures vanquished.

Vanquished Creatures (collateral kills)
  A naga (Lair:2)
  An ice beast (D:8)
2 creatures vanquished.

Vanquished Creatures (others)
  A bush (D:10)
  22 fungi
  80 plants
103 creatures vanquished.

Grand Total: 577 creatures vanquished

Table legend: (Time is in decaauts)
 A = Elapsed time spent in this place.
 B = Non-inter-level travel time spent in this place.
 C = Inter-level travel time spent in this place.
 D = Time resting spent in this place.
 E = Time spent auto-exploring this place.
 F = Levels seen in this place.
 G = Mean time per level.
                   A        B        C        D        E       F      G
               +--------+--------+--------+--------+--------+-----+--------+
         Total |  22262 |  21388 |    874 |   2755 |  15434 |  17 | 1309.5 |
       Dungeon |  13105 |  12545 |    560 |   1631 |   8991 |  11 | 1191.4 |
          Lair |   8388 |   8075 |    313 |   1050 |   5940 |   5 | 1677.6 |
        Bailey |    768 |    768 |      0 |     73 |    502 |   1 |  768.0 |
               +--------+--------+--------+--------+--------+-----+--------+

Top non-repeatable levels by time:
  Lair:3: 2726 daAuts
     D:8: 2398 daAuts
  Lair:2: 2185 daAuts
  Lair:4: 1968 daAuts
     D:5: 1695 daAuts
     D:9: 1381 daAuts
  Lair:1: 1345 daAuts
     D:4: 1275 daAuts
    D:10: 1243 daAuts
     D:6: 1120 daAuts
     D:7: 1095 daAuts
     D:2: 939 daAuts
     D:3: 920 daAuts
     D:1: 840 daAuts
  Bailey: 768 daAuts

Table legend:
 A = Non-vault XP
 B = Vault XP
 C = Vault XP percentage of total XP
 D = Non-vault monster count
 E = Vault monster count
 F = Vault count percentage of total count
                 A         B        C        D         E       F
            +---------+---------+-------+---------+---------+-------
      Total |   35004 |   15061 |  30.1 |     311 |     163 |  34.4
            +---------+---------+-------+---------+---------+-------
        D:1 |      42 |       0 |   0.0 |      17 |       0 |   0.0
        D:2 |     189 |      71 |  27.3 |      27 |      12 |  30.8
        D:3 |      46 |       0 |   0.0 |      19 |       0 |   0.0
        D:4 |     496 |     254 |  33.9 |      27 |       3 |  10.0
        D:5 |     874 |       5 |   0.6 |      20 |       1 |   4.8
        D:6 |     818 |    1745 |  68.1 |      17 |      49 |  74.2
        D:7 |     735 |     119 |  13.9 |      19 |       7 |  26.9
        D:8 |    1399 |    1652 |  54.1 |      34 |      16 |  32.0
        D:9 |    3108 |    2657 |  46.1 |      23 |      10 |  30.3
       D:10 |    1152 |     447 |  28.0 |      13 |       2 |  13.3
       D:11 |       0 |     541 | 100.0 |       0 |      15 | 100.0
     Lair:1 |    2588 |       0 |   0.0 |      11 |       0 |   0.0
     Lair:2 |    8488 |     657 |   7.2 |      29 |       4 |  12.1
     Lair:3 |    8614 |    2574 |  23.0 |      36 |       9 |  20.0
     Lair:4 |    5138 |    1734 |  25.2 |      16 |       9 |  36.0
     Lair:5 |    1317 |     441 |  25.1 |       3 |       2 |  40.0
     Bailey |       0 |    2164 | 100.0 |       0 |      24 | 100.0
            +---------+---------+-------+---------+---------+-------
